 Dungeon Crawl Stone Soup version 0.27.1-34-g3ba077fa99 (webtiles) character file.

Game seed: 12051867223239289007

1290 cbfl8 the Chopper (level 8, -6/70 HPs)
             Began as a Minotaur Delver on Jan 17, 2022.
             Was an Initiate of Yredelemnul.
             Mangled by an orc warrior (12 damage)
             ... on level 8 of the Dungeon.
             The game lasted 00:17:28 (10018 turns).

cbfl8 the Chopper (Minotaur Delver)                Turns: 10018, Time: 00:17:28

Health: -6/70      AC:  7    Str: 18    XL:     8   Next: 30%
Magic:  7/7        EV: 11    Int: 15    God:    Yredelemnul [......]
Gold:   197        SH:  0    Dex: 11    Spells: 7/7 levels left

rFire    + . .     SeeInvis .   a - +0 hand axe
rCold    . . .     Faith    .   (no shield)
rNeg     . . .     Spirit   .   e - +0 scale mail
rPois    .         Reflect  .   (helmet restricted)
rElec    .         Harm     .   (no cloak)
rCorr    .         Rampage  .   (no gloves)
Will     .....                  (no boots)
Stlth    +.........             (no amulet)
HPRegen  0.21/turn              m - +6 ring of intelligence
MPRegen  0.10/turn              q - ring of protection from fire

@: no status effects
A: horns 2, retaliatory headbutt
a: Renounce Religion


You were on level 8 of the Dungeon.
You worshipped Yredelemnul.
Yredelemnul was noncommittal.
You visited 2 branches of the dungeon, and saw 9 of its levels.

You collected 197 gold pieces.

Inventory:

Hand Weapons
 a - a +0 hand axe (weapon)
 u - a +4 hunting sling
Missiles
 r - 2 throwing nets (quivered)
Armour
 b - a +0 leather armour
 e - a +0 scale mail (worn)
Jewellery
 m - a +6 ring of intelligence (left hand)
 q - a ring of protection from fire (right hand)
Wands
 g - a wand of digging (8)
 t - a wand of paralysis (11)
Scrolls
 c - a scroll of fog
 d - a scroll of magic mapping
 k - a scroll of noise {unknown}
 p - 3 scrolls of identify
 s - 2 scrolls of enchant armour
Potions
 h - a potion of flight {unknown}
 i - 2 potions of lignification {unknown}
 j - a potion of mutation {unknown}
 n - a potion of might {unknown}
 o - a potion of brilliance
 v - a potion of degeneration {unknown}
 w - a potion of heal wounds {unknown}


   Skills:
 + Level 5.9 Fighting
 + Level 7.4 Axes
 + Level 5.5 Armour
 + Level 4.7 Dodging
 + Level 5.3 Stealth


You had 7 spell levels left.
You didn't know any spells.
Your spell library contained the following spells:

 Spells                   Type           Power      Damage    Failure   Level
 Sting                    Tmut/Pois      0%         1d3       61%         1
 Poisonous Vapours        Pois/Air       0%         N/A       75%         2
 Slow                     Hex            0%         N/A       75%         2
 Confusing Touch          Hex            0%         N/A       93%         3
 Vampiric Draining        Necr           0%         2d6       93%         3
 Animate Dead             Necr           0%         N/A       100%        4
 Olgreb's Toxic Radiance  Pois           0%         N/A       100%        4
 Haunt                    Necr/Summ      0%         N/A       100%        7
 Infestation              Necr           0%         N/A       100%        8


Dungeon Overview and Level Annotations

Branches:
Dungeon (8/15)             Temple (1/1) D:5
   Lair: D:8-11

Altars:
Ashenzari
Cheibriados
Fedhas
Gozag
Hepliaklqana
Makhleb
Nemelex Xobeh
Okawaru
Qazlal
Ru
Uskayaw
Wu Jian
Xom
Yredelemnul


Innate Abilities, Weirdness & Mutations

You have a pair of horns on your head.
You reflexively headbutt those who attack you in melee.


Message History

Reactivating autopickup.
You feel a bit more experienced.
You hit the orc warrior. The orc warrior misses you.
Unknown command.
Deactivating autopickup; reactivate with Ctrl-A.
You barely miss something. You hit the orc warrior.
Something hits you but does no damage. The orc warrior closely misses you.
Unknown command.
You closely miss something. You closely miss the orc warrior.
You feel less confused. Something hits you but does no damage.
The orc warrior closely misses you.
Unknown command.
You hit something. You headbutt something.
You hit the orc warrior but do no damage.
Something hits you.
Unknown command.
You hit something.
You hit the orc warrior but do no damage.
The orc warrior hits you with a +0 battleaxe!
You hear some strange, mumbled words.
A puff of flame appears from out of thin air!
The puff of flame misses you.
Unknown command.
You miss something. You headbutt something. You barely miss the orc warrior.
The orc warrior closely misses you. You furiously retaliate!
You headbutt the orc warrior, but do no damage.
You hear some strange, mumbled words.
A puff of flame appears from out of thin air!
The puff of flame hits you. You resist.
Unknown command.
You hit something. You hit the orc warrior.
The orc warrior hits you with a +0 battleaxe!
* * * LOW HITPOINT WARNING * * *
Something hits you.
* * * LOW HITPOINT WARNING * * *
Unknown command.
You miss something. You barely miss the orc warrior.
The orc warrior hits you with a +0 battleaxe!
You die...
Your body rises from the dead as a mindless zombie.

#.. #..# ....
#..##..# .....
#......##...#.
+.............
#.............
#.............
.##..##.##.#.#.
......o........ .
####.##@##.#.#..#
####.##{##.#.#..#
.......o..(.....
.###.##........#
..........#...#
........<......#
...#.....#...#.#
#. #.##..#.....#
..........?..#


You could see an orc warrior and an orc.

Vanquished Creatures
  Menkaure (D:5)
  An ice beast (D:7)
  A sky beast (D:6)
  An ogre (D:6)
  A black bear (D:5)
  A phantom (D:6)
  A centaur (D:6)
  2 water moccasin zombies
  A hound (D:6)
  2 jellies
  3 centaur zombies
  A centaur skeleton (D:5)
  Natasha (D:2)
  4 iguanas
  2 orc wizards
  A hound zombie (D:5)
  2 gnolls (D:7)
  7 adders
  6 dart slugs (D:1)
  5 orcs
  4 ball pythons
  2 bats
  5 endoplasms
  2 giant cockroaches (D:1)
  2 goblins
  5 hobgoblins
  4 quokkas
  3 frilled lizards
  6 kobolds
  4 rats
81 creatures vanquished.

Vanquished Creatures (others)
  8 fungi (D:5)
  2 plants (D:6)
10 creatures vanquished.

Grand Total: 91 creatures vanquished

Notes
Turn   | Place    | Note
-------+----------+-------------------------------------------
     0 | D:5      | cbfl8 the Minotaur Delver began the quest for the Orb.
     0 | D:5      | Reached XP level 1. HP: 19/19 MP: 0/0
    62 | D:4      | Noticed a jelly
   442 | D:2      | Reached XP level 2. HP: 23/27 MP: 1/1
   694 | D:1      | Reached XP level 3. HP: 26/33 MP: 2/2
   789 | D:1      | Reached skill level 3 in Axes
  1170 | D:1      | Reached skill level 1 in Armour
  2164 | D:2      | Noticed Natasha
  2177 | D:2      | Killed Natasha
  2178 | D:2      | Reached XP level 4. HP: 7/40 MP: 3/3
  3057 | D:3      | You fall into a shaft and drop 2 floors!
  3104 | D:5      | Reached skill level 4 in Axes
  3104 | D:5      | Reached XP level 5. HP: 39/46 MP: 4/4
  3251 | D:5      | Found a hide-covered altar of Uskayaw.
  3295 | D:5      | Found a staircase to the Ecumenical Temple.
  3310 | Temple   | Entered the Ecumenical Temple
  3318 | Temple   | Became a worshipper of Yredelemnul the Dark
  3606 | D:5      | Noticed Menkaure
  4008 | D:5      | Found a snail-covered altar of Cheibriados.
  4206 | D:5      | Reached XP level 6. HP: 41/53 MP: 5/5
  5113 | D:5      | Reached skill level 5 in Axes
  5113 | D:5      | Reached skill level 5 in Stealth
  5344 | D:5      | Killed Menkaure
  5345 | D:5      | Reached skill level 5 in Fighting
  5345 | D:5      | Reached XP level 7. HP: 10/61 MP: 6/6
  6457 | D:6      | Reached skill level 6 in Axes
  8619 | D:6      | Reached skill level 7 in Axes
  8619 | D:6      | Reached XP level 8. HP: 53/70 MP: 7/7
  8966 | D:6      | Reached skill level 5 in Armour
 10018 | D:8      | Mangled by an orc warrior

Illustrated notes

Levels and vault maps discovered:
D:1:      kilobyte_arrival_exit_the_forest, layout_basic, minivault_5,
          minmay_strange_pillars
D:2:      layout_rooms, uniq_natasha
D:3:      layout_rooms, palyth_temple_overflow_mages
D:4:      layout_rooms, mainiacjoe_overflow_alcove_2, uniq_duvessa,
          uniq_blork_the_orc
D:5:      layout_gridville, mainiacjoe_overflow_tiny_flanked,
          mainiacjoe_overflow_boulevard, minmay_temple_entry_junction,
          uniq_menkaure
D:6:      layout_loops_corners, serial_bayou_pond_d, hangedman_decor_points
D:7:      minmay_flawed_box, layout_rooms
D:8:      nzn_winding_woodlands_three_and_one
          [nzn_winding_woodlands_5x15_garden,
          nzn_winding_woodlands_5x15_river_crossing,
          nzn_winding_woodlands_5x15_jagged,
          nzn_winding_woodlands_center_pierced_h], layout_basic,
          dpeg_lair_monsters, uniq_joseph
Temple:   nicolae_temple_no_exploring_needed

Skill      XL: |  1  2  3  4  5  6  7  8 |
---------------+-------------------------+-----
Axes           | 3 4 5 7 |  7.4
Fighting       | 4 5 |  5.9
Armour         | 1 2 3 4 5 |  5.5
Dodging        | 3 4 |  4.7
Stealth        | 5 |  5.3

Action                   |  1- 3 |  4- 6 |  7- 9 || total
-------------------------+-------+-------+-------++-------
Melee: Hand axe          |    76 |    84 |   150 ||   310
       Headbutt          |    10 |    20 |    39 ||    69
  Use: Potion            |       |       |     5 ||     5
       Scroll            |       |       |     5 ||     5
 Stab: Sleeping          |     4 |     3 |     1 ||     8
Armor: Leather armour    |    17 |    25 |    10 ||    52
       Scale mail        |       |       |    47 ||    47
Dodge: Dodged            |    66 |    67 |   107 ||   240
